 Dungeon Crawl Stone Soup version 0.28-a0-1524-ge72afd5fc6 (webtiles) character file.

Game seed: 18071395246440929772

56 psuckher the Sneak (level 3, -3/30 HPs)
             Began as a Barachi Delver on Jan 17, 2022.
             Slain by a bullfrog skeleton (5 damage)
             ... on level 4 of the Dungeon.
             The game lasted 00:01:34 (143 turns).

psuckher the Sneak (Barachi Delver)                  Turns: 143, Time: 00:01:35

Health: -3/30      AC:  6    Str: 15    XL:     3   Next: 95%
Magic:  3/3        EV: 11    Int: 10    God:
Gold:   0          SH:  0    Dex: 13    Spells: 2/2 levels left

rFire   . . .      SeeInvis .   a - +0 falchion
rCold   . . .      Faith    .   (no shield)
rNeg    . . .      Spirit   .   j - +0 ring mail
rPois   .          Reflect  .   (no helmet)
rElec   .          Harm     .   h - +0 cloak
rCorr   .          Rampage  .   (no gloves)
Will    .....                   (no boots)
Stlth   ++........              (no amulet)
HPRegen 0.10/turn               (no ring)
MPRegen 0.08/turn               (no ring)

@: slow
A: amphibious, slowness 1, strong legs 1, +LOS
a: Hop


You were on level 4 of the Dungeon.
You visited 1 branch of the dungeon, and saw 3 of its levels.

Inventory:

Hand Weapons
 a - a +0 falchion (weapon)
Armour
 b - a +0 leather armour
 h - a +0 cloak (worn)
 j - a +0 ring mail (worn)
Jewellery
 i - a ring of ice
 k - a ring of poison resistance
Wands
 g - a wand of digging (3)
Scrolls
 c - a scroll of fog
 d - a scroll of magic mapping
 e - a scroll of fear
 l - a scroll of identify {unknown}
Potions
 f - a potion of haste


   Skills:
 + Level 4.1 Fighting
 + Level 2.8 Long Blades
 + Level 0.2 Armour
 + Level 2.4 Dodging
 + Level 5.3 Stealth


You had 2 spell levels left.
You didn't know any spells.
Your spell library was empty.

Dungeon Overview and Level Annotations

Branches:
Dungeon (6/15)
 Temple: D:4-7

Altars:


Innate Abilities, Weirdness & Mutations

You are amphibious.
You cover ground slowly.
You can hop short distances.
You have an extended range of vision and can be seen from far away.


Message History

You barely miss the bullfrog skeleton.
The bullfrog skeleton is lightly damaged.
The bullfrog skeleton misses you.
You slash the jelly!
Your hands burn!
The jelly is heavily wounded.
You completely miss the jelly.
The jelly is heavily wounded.
The bullfrog skeleton misses you. The jelly hits you but does no damage.
The bullfrog skeleton hits you.
You slash the jelly!
You kill the jelly!
The bullfrog skeleton hits you but does no damage.
The bullfrog skeleton closely misses you.
The bullfrog skeleton barely misses you.
You hit the bullfrog skeleton.
The bullfrog skeleton is moderately damaged.
The bullfrog skeleton closely misses you.
You completely miss the bullfrog skeleton.
The bullfrog skeleton is moderately damaged.
The bullfrog skeleton hits you.
* * * LOW HITPOINT WARNING * * *
The bullfrog skeleton hits you but does no damage.
You barely miss the bullfrog skeleton.
The bullfrog skeleton is moderately damaged.
The bullfrog skeleton closely misses you.
You slash the bullfrog skeleton!
The bullfrog skeleton is heavily damaged.
The bullfrog skeleton hits you.
* * * LOW HITPOINT WARNING * * *
The bullfrog skeleton closely misses you.
Okay, then.
You completely miss the bullfrog skeleton.
The bullfrog skeleton is heavily damaged.
The bullfrog skeleton barely misses you.
You hit the bullfrog skeleton.
The bullfrog skeleton is severely damaged.
The bullfrog skeleton hits you.
* * * LOW HITPOINT WARNING * * *
The bullfrog skeleton hits you.
You die...

#..#..#.....#
#..#.>#..#.#####.
.#..##.#..........
............#..##.
#########.........
#.......$......#.
#.####...........
#....###.##.
#.@Z.# .#
#.....#.......
#.######....## ..
.#..# #. ....# #
...... ....##
...##


You could see a bullfrog skeleton.

Vanquished Creatures
  A jelly (D:4)
  An orc wizard (D:5)
  An orc (D:4)
3 creatures vanquished.

Notes
Turn   | Place    | Note
-------+----------+-------------------------------------------
     0 | D:5      | psuckher the Barachi Delver began the quest for the Orb.
     0 | D:5      | Reached XP level 1. HP: 18/18 MP: 1/1
     3 | D:5      | Noticed an orc wizard
    39 | D:6      | Noticed an ogre
    39 | D:6      | Noticed a water moccasin
    39 | D:6      | Noticed an orc wizard
    39 | D:6      | Noticed an orc wizard
    46 | D:5      | Killed an orc wizard
    47 | D:5      | Reached skill level 5 in Stealth
    47 | D:5      | Reached XP level 2. HP: 22/25 MP: 2/2
    47 | D:5      | Reached XP level 3. HP: 27/30 MP: 3/3
   143 | D:4      | Slain by a bullfrog skeleton

Illustrated notes

Levels and vault maps discovered:
D:4:      layout_basic
D:5:      layout_rooms, mainiacjoe_overflow_surrounded_room
D:6:      layout_gridville, okawaru_trees_1

Skill      XL: |  1  2  3 |
---------------+----------+-----
Stealth        | 5 |  5.3
Fighting       | 4 |  4.1
Long Blades    | |  2.8
Armour         | |  0.2
Dodging        | |  2.4

Action                   || total
-------------------------++-------
Melee: Falchion          ||    25
Armor: Ring mail         ||     4
       Leather armour    ||     2
Dodge: Dodged            ||    18

Table legend: (Time is in decaauts)
 A = Elapsed time spent in this place.
 B = Non-inter-level travel time spent in this place.
 C = Inter-level travel time spent in this place.
 D = Time resting spent in this place.
 E = Time spent auto-exploring this place.
 F = Levels seen in this place.
 G = Mean time per level.
                   A        B        C        D        E       F      G
               +--------+--------+--------+--------+--------+-----+--------+
         Total |    165 |    165 |      0 |      0 |      0 |   3 |   55.0 |
       Dungeon |    165 |    165 |      0 |      0 |      0 |   3 |   55.0 |
               +--------+--------+--------+--------+--------+-----+--------+

Top non-repeatable levels by time:
     D:4: 101 daAuts
     D:5: 62 daAuts
     D:6: 1 daAuts
